 Dungeon Crawl Stone Soup version 0.18-a0-952-g309898a (webtiles) character file.

325 JokEr the Skirmisher (level 6, -2/58 HPs)
             Began as a Minotaur Fighter on Dec 30, 2015.
             Was an Initiate of Okawaru.
             Slain by Duvessa
             ... wielding a +0 rapier
              (4 damage)
             ... on level 4 of the Dungeon.
             The game lasted 00:10:51 (3265 turns).

JokEr the Skirmisher (Minotaur Fighter)             Turns: 3265, Time: 00:10:51

Health: -2/58      AC:  6    Str: 28    XL:     6   Next: 24%
Magic:  5/5        EV:  2    Int:  5    God:    Okawaru [......]
Gold:   180        SH: 10    Dex:  9    Spells: 0 memorised, 5 levels left

rFire  . . .     SeeInvis .     a - +0 long sword
rCold  . . .     Gourm    .     b - +0 scale mail
rNeg   . . .     Faith    .     c - +0 shield
rPois  .         Spirit   .     (helmet restricted)
rElec  .         Dismiss  .     (no cloak)
rCorr  .         Reflect  .     (no gloves)
SustAt .         Harm     .     (no boots)
MR     .....                    (no amulet)
Stlth  ..........               (no ring)
                                (no ring)

@: mighty, not resistant to hostile enchantments, extremely unstealthy
A: retaliatory headbutt, horns 2
a: Renounce Religion


You were on level 4 of the Dungeon.
You worshipped Okawaru.
Okawaru was noncommittal.
You were hungry.

You visited 1 branch of the dungeon, and saw 4 of its levels.

You collected 180 gold pieces.

Inventory:

Hand Weapons
 a - a +0 long sword (weapon)
Missiles
 o - 2 throwing nets (quivered)
Armour
 b - a +0 scale mail (worn)
 c - a +0 shield (worn)
Scrolls
 e - a scroll of remove curse
Potions
 d - a potion of might
 g - a potion of cure mutation
 h - a potion of mutation {unknown}
 l - a potion of magic {unknown}
 m - a potion of heal wounds {unknown}
 n - a potion of curing {unknown}
Comestibles
 f - 5 bread rations
 i - a fruit
 j - a royal jelly
 k - a slice of pizza
 r - a beef jerky


   Skills:
 + Level 6.3 Fighting
 + Level 6.1 Long Blades
 - Level 3.6 Armour
 - Level 3.6 Shields


You had 5 spell levels left.
You didn't know any spells.

Dungeon Overview and Level Annotations

Branches:
Dungeon (4/15)
 Temple: D:4-7

Altars:
Nemelex Xobeh
Okawaru

Annotations:
D:4 Duvessa


Innate Abilities, Weirdness & Mutations

You reflexively headbutt those who attack you in melee.
You have a pair of horns on your head.


Message History

Duvessa is moderately wounded.
Duvessa hits you with a rapier!
* * * LOW HITPOINT WARNING * * *
Duvessa closely misses you. Duvessa hits you but does no damage.
Drink which item? (? for menu, Esc to quit)
Okay, then.
Read which item? (? for menu, Esc to quit)
As you read the scroll of fog, it crumbles to dust.
The scroll dissolves into smoke.
Duvessa hits you with a rapier.
* * * LOW HITPOINT WARNING * * *
Duvessa rages.
You block Duvessa's attack. Duvessa hits you with a rapier!
* * * LOW HITPOINT WARNING * * *
There is a stone staircase leading up here.
Duvessa hits you with a rapier.
* * * LOW HITPOINT WARNING * * *
Duvessa hits you with a rapier.
You die...

#####.#########.###...###.#####.#
............<##.# ##.## #....##.#
#####.###.#.#.#.# #.# #.##.##.#
#.##.##.##..# #.####.##.##.#
#....>......####...[..##.##.#
####.##.##.###..............#
##..#..####.#.#.#####.####
###.###.##.............# ..##
##..@#.#.#.#######
###.###.#§e#.....#
#.#.##§o###..... #.###§§# #######
###.###§§##### #..).§§§§......
#.#.###§§###### #.#.# #§§# #....#
§§..


You could see Duvessa (berserk) and an orc.

Vanquished Creatures
  The ghost of Alethiolet the Poker, an amateur DsWn of Nemelex Xobeh (D:3)
  Dowan (D:4)
  An iguana (D:3)
  4 gnolls (D:3)
  6 adders
  A worm (D:2)
  2 giant geckos
  5 orcs
  2 giant cockroaches (D:3)
  7 hobgoblins
  6 jackals
  7 bats
  6 giant newts
  7 goblins
  7 kobolds
  A quokka (D:4)
  6 rats
70 creatures vanquished.

Notes
Turn   | Place    | Note
--------------------------------------------------------------
     0 | D:1      | JokEr the Minotaur Fighter began the quest for the Orb.
     0 | D:1      | Reached XP level 1. HP: 19/19 MP: 0/0
   127 | D:1      | Reached XP level 2. HP: 21/27 MP: 1/1
   377 | D:1      | Reached skill level 4 in Fighting
   863 | D:2      | Reached XP level 3. HP: 25/33 MP: 2/2
  1594 | D:2      | Found an iron altar of Okawaru.
  1611 | D:2      | Became a worshipper of Warmaster Okawaru
  1870 | D:3      | Reached XP level 4. HP: 24/41 MP: 3/3
  1877 | D:3      | Noticed Alethiolet's ghost (amateur DsWn)
  2157 | D:3      | Killed Alethiolet's ghost
  2157 | D:3      | Reached skill level 5 in Fighting
  2157 | D:3      | Reached skill level 5 in Long Blades
  2157 | D:3      | Reached XP level 5. HP: 38/48 MP: 4/4
  2354 | D:3      | Found a faded altar to an unknown god.
  2949 | D:3      | Found a sparkling altar of Nemelex Xobeh.
  3019 | D:3      | Reached skill level 6 in Fighting
  3089 | D:3      | Reached XP level 6. HP: 49/57 MP: 5/5
  3240 | D:4      | Noticed Dowan
  3241 | D:4      | Noticed Duvessa
  3254 | D:4      | Killed Dowan
  3265 | D:4      | HP: 2/58 [Duvessa/rapier (1)]
  3265 | D:4      | Slain by Duvessa

Vault maps used:
D:1:      dpeg_arrival_short_road
D:2:      okawaru_metal_pillars_1_2, serial_forest,
          infiniplex_forest_straight_2, infiniplex_forest_clump_tiny,
          infiniplex_forest_straight_4, infiniplex_forest_lined_2,
          infiniplex_forest_lined_2, infiniplex_forest_clump_small,
          infiniplex_forest_clump_small, infiniplex_forest_clump_diagonal,
          infiniplex_forest_straight_5, kennysheep_decorative_pillar
D:3:      nemelex_deck, ecumenical_altar_1
D:4:      lemuel_crystal_altar, yredelemnul_forgotten_temple_becter,
          first_bread, uniq_duvessa

Action                   |  1- 3 |  4- 6 || total
-------------------------+-------+-------++-------
Melee: Long sword        |    80 |   111 ||   191
  Use: Scroll            |     6 |     3 ||     9
       Potion            |       |     2 ||     2
  Eat: Chunk             |     2 |     5 ||     7
